AoeStats
← MFL91

Lombardia

509566393Analyzed
2v2 RM · 6d ago on Sep 27, 2026· 54m 43s· 4 players
Game mode
Random Map
Map size
Medium (4 player)
Population
200
Speed
Normal
Resources
Standard
Victory
Conquest
Starting age
Dark Age
Ending age
Imperial Age
RankedLock teamsTeams togetherTeam positionsShared explorationLock speedFull tech treeHidden civsTurbo modeCheats
Victory
Defeat
🇦🇪 Mongols · United Arab Emirates
1410
+15
🇯🇵 Saracens · Japan
1350
+18
🇳🇱 Varangians · Netherlands
1441
-19
🇳🇱 Sicilians · Netherlands
1334
-14
R2-D2
11:45 Feudal Age
10:34 Loom
15:28 Castle Age
13:30 Double-Bit Axe
13:55 Horse Collar
16:39 Bow Saw
16:49 Heavy Plow
21:50 Scale Barding Armor
24:58 Wheelbarrow
25:20 Chain Barding Armor
28:03 Husbandry
28:13 Bloodlines
34:02 Imperial Age
32:59 Gold Mining
33:02 Stone Mining
34:00 Forging
35:17 Conscription
35:35 Plate Barding Armor
35:36 Iron Casting
36:46 Elite Jarl
38:13 Fletching
42:31 Bodkin Arrow
43:37 Blast Furnace
42:11 Gothikon
43:12 Bracer
43:56 Ballistics
43:48 Masonry
45:27 Chemistry
44:08 Treadmill Crane
47:27 Hand Cart
46:58 Town Watch
48:34 Architecture
48:15 Fortified Wall
49:08 Caravan
51:53 Man-at-Arms
51:55 Light Cavalry
53:12 Hussar
PeterBro
5:11 Loom
10:13 Feudal Age
10:58 Double-Bit Axe
12:54 Horse Collar
15:40 Wheelbarrow
17:18 Gold Mining
18:10 Fletching
22:35 Castle Age
24:13 Hand Cart
24:01 Heavy Plow
24:13 Bow Saw
25:19 Scale Mail Armor
28:18 Chain Mail Armor
29:03 Bodkin Arrow
30:52 Squires
32:59 Forging
32:35 Arson
34:42 Gold Shaft Mining
38:01 Iron Casting
40:06 Imperial Age
41:10 Scale Barding Armor
42:06 Blast Furnace
42:07 Crop Rotation
42:16 Chain Barding Armor
41:59 Husbandry
42:10 Bloodlines
41:21 Cavalier
42:18 Hauberk
42:35 Conscription
45:07 Plate Barding Armor
49:49 Light Cavalry
50:58 Caravan
52:46 Bracer
53:20 Ballistics
54:11 Chemistry
53:14 Stone Mining
53:25 Elite Skirmisher
MFL91
2:36 Loom
8:29 Feudal Age
12:21 Forging
12:18 Scale Barding Armor
17:35 Horse Collar
17:41 Double-Bit Axe
20:51 Castle Age
20:25 Bloodlines
22:11 Iron Casting
22:30 Husbandry
27:52 Fletching
30:09 Bodkin Arrow
30:52 Ballistics
35:20 Imperial Age
33:03 Padded Archer Armor
33:43 Bow Saw
33:35 Gold Mining
33:35 Stone Mining
34:18 Fortified Wall
35:14 Leather Archer Armor
36:11 Bracer
37:27 Conscription
37:53 Thumb Ring
40:45 Chemistry
40:41 Elite Mangudai
43:25 Parthian Tactics
43:10 Caravan
44:59 Drill
44:49 Capped Ram
47:01 Siege Ram
zhao_web
6:45 Loom
9:50 Feudal Age
10:31 Double-Bit Axe
13:40 Fletching
15:57 Padded Archer Armor
17:42 Horse Collar
23:48 Castle Age
24:16 Bloodlines
24:23 Scale Barding Armor
24:18 Gold Mining
25:26 Bow Saw
25:19 Stone Mining
28:10 Forging
34:34 Chain Barding Armor
36:16 Wheelbarrow
35:47 Heavy Plow
38:55 Imperial Age
37:59 Light Cavalry
38:39 Husbandry
39:19 Iron Casting
39:11 Elite Mameluke
40:54 Plate Barding Armor
42:18 Blast Furnace
43:11 Two-Man Saw
42:51 Gold Shaft Mining
43:14 Hand Cart
43:42 Town Watch
45:34 Caravan
45:32 Hussar
46:23 Bodkin Arrow
Connection lost

Rejoining the realm…

Still unreachable

The connection could not be restored.

Session expired

The server has moved on; the page needs a fresh start.